 Dungeon Crawl Stone Soup version 0.27-a0-1191-g601b473118 (webtiles) character file.

Game seed: 5230835687467899935

211 1player the Changer (level 5, 0/40 HPs)
             Began as a Draconian Transmuter on May 24, 2021.
             Succumbed to a crimson imp's poison
             ... on level 4 of the Dungeon.
             The game lasted 00:10:09 (3769 turns).

1player the Changer (Draconian Transmuter)          Turns: 3769, Time: 00:10:09

Health: 0/40       AC:  5    Str: 12    XL:     5   Next: 57%
Magic:  7/8        EV: 12    Int: 14    God:
Gold:   12         SH:  0    Dex: 12    Spells: 2/8 levels left

rFire    . . .     SeeInvis .     - Unarmed
rCold    . . .     Faith    .   (no shield)
rNeg     . . .     Spirit   .   (armour unavailable)
rPois    .         Reflect  .   (helmet restricted)
rElec    .         Harm     .   (no cloak)
rCorr    .         Rampage  .   (no gloves)
Will     .....                  (no boots)
Stlth    +.........             (no amulet)
HPRegen  0.13/turn              (no ring)
MPRegen  0.11/turn              (no ring)

@: lethally poisoned (0 -> -6)
A: AC +5, unfitting armour, cold-blooded
a: no special abilities


You were on level 4 of the Dungeon.
You visited 1 branch of the dungeon, and saw 4 of its levels.

You collected 103 gold pieces.
You spent 91 gold pieces at shops.

Inventory:

Missiles
 a - 4 curare-tipped darts
 b - 4 poisoned darts
 n - 3 boomerangs
Wands
 i - a wand of digging (4)
Scrolls
 c - a scroll of amnesia {unknown}
 d - a scroll of fear {unknown}
 e - a scroll of silence {unknown}
 f - a scroll of vulnerability {unknown}
 g - a scroll of brand weapon
 j - 2 scrolls of fog
 k - a scroll of teleportation
Potions
 h - 2 potions of might {unknown}
 m - 2 potions of flight


   Skills:
 + Level 1.1 Fighting
 - Level 1.7 Dodging
 * Level 4.3 Unarmed Combat
 - Level 2.0 Spellcasting
 - Level 5.0 Transmutations


You had 2 spell levels left.
You knew the following spells:

 Your Spells              Type           Power      Damage    Failure   Level
a - Beastly Appendage     Tmut           30%        N/A       3%          1
q - Spider Form           Tmut/Pois      4%         N/A       26%         3
z - Wereblood             Tmut           15%        N/A       4%          2

Your spell library contained the following spells:

 Spells                   Type           Power      Damage    Failure   Level
 Ice Form                 Ice/Tmut       8%         N/A       63%         4
 Hydra Form               Tmut           7%         N/A       63%         5


Dungeon Overview and Level Annotations

Branches:
Dungeon (4/15)
 Temple: D:4-7

Altars:
Makhleb
Sif Muna
Xom

Shops:
D:2 *   D:3 ?


Innate Abilities, Weirdness & Mutations

Your plain brown scales are hard. (AC +5)
You cannot fit into any form of body armour.
You are cold-blooded and may be slowed by cold attacks.


Message History

You hit the crimson imp.
The crimson imp is heavily wounded.
The crimson imp closely misses you.
You hit the crimson imp.
The crimson imp is poisoned.
The crimson imp is heavily wounded.
The crimson imp misses you.
You hit the crimson imp.
The crimson imp is severely wounded.
The crimson imp completely misses you.
The crimson imp blinks!
The crimson imp hits you with a +1 dagger of chaos.
You are poisoned.
You closely miss the crimson imp.
The crimson imp is heavily wounded.
You feel very sick.
The crimson imp blinks!
Your transformation is almost over.
You feel very sick.
The crimson imp looks more healthy.
The crimson imp blinks!
You feel very sick.
You feel very sick.
You feel sick.
The crimson imp hits you with a +1 dagger of chaos.
You are lethally poisoned!
You bite the crimson imp!
The crimson imp is almost dead.
You feel very sick.
The crimson imp blinks!
You feel very sick.
* * * LOW HITPOINT WARNING * * *
You feel very sick.
Okay, then.
* * * LOW HITPOINT WARNING * * *
You feel very sick.
* * * LOW HITPOINT WARNING * * *
You feel sick.
* * * LOW HITPOINT WARNING * * *
You feel sick.
Your transformation has ended.
You die...

#...# #.<.#
#...# #...#
##.
##.######....
#.###....#
#.....#####
#.###.#.._#
#.# #.@.$.#
#.# ###.._#
#.# #### ..#
###


There were no monsters in sight!

Vanquished Creatures
  An orc wizard (D:3)
  Natasha (twice) (D:3)
  6 gnolls (D:3)
  2 adders
  4 dart slugs
  4 orcs (D:3)
  6 ball pythons
  4 bats
  2 endoplasms
  3 giant cockroaches
  7 goblins
  2 hobgoblins
  2 quokkas
  A frilled lizard (D:1)
  2 kobolds
  7 rats
55 creatures vanquished.

Notes
Turn   | Place    | Note
-------+----------+-------------------------------------------
     0 | D:1      | 1player the Draconian Transmuter began the quest for the
                  | Orb.
     0 | D:1      | Reached XP level 1. HP: 16/16 MP: 3/3
   466 | D:1      | Reached XP level 2. HP: 21/23 MP: 3/5
  1105 | D:1      | Reached skill level 3 in Transmutations
  1585 | D:2      | Found Vufiguep's General Store.
  1625 | D:2      | Reached XP level 3. HP: 26/28 MP: 3/6
  1629 | D:2      | Learned a level 3 spell: Spider Form
  2431 | D:3      | Found Det Ycsi's Magic Scroll Emporium.
  2459 | D:3      | Bought a scroll of fog for 26 gold pieces
  2459 | D:3      | Bought a scroll of teleportation for 39 gold pieces
  2459 | D:3      | Bought a scroll of identify for 26 gold pieces
  2482 | D:3      | Reached XP level 4. HP: 35/35 MP: 3/7
  2522 | D:3      | Learned a level 2 spell: Wereblood
  2543 | D:3      | Reached skill level 4 in Transmutations
  2697 | D:3      | Noticed Natasha
  2702 | D:3      | Killed Natasha
  2948 | D:3      | Found a shimmering blue altar of Sif Muna.
  3009 | D:3      | Reached XP level 5. HP: 32/40 MP: 4/8
  3675 | D:3      | Noticed Natasha
  3681 | D:3      | Killed Natasha
  3682 | D:3      | Reached skill level 5 in Transmutations
  3746 | D:4      | Found a burning altar of Makhleb.
  3768 | D:4      | HP: 2/40 [poisoned by a crimson imp]
  3769 | D:4      | Found a shimmering altar of Xom.
  3769 | D:4      | Succumbed to a crimson imp's poison

Illustrated notes

Levels and vault maps discovered:
D:1:      wander_arrival_lonely_grave, layout_basic, chequers_arboretum
D:2:      layout_loops_ring, serial_shops, shop
D:3:      layout_loops_ring, led_sif_pool, serial_shops, shop, uniq_natasha
D:4:      layout_rooms, grunt_temple_overflow_champion_of_chaos,
          minmay_temple_entry_tees

Skill      XL: |  1  2  3  4  5 |
---------------+----------------+-----
Transmutations | 3 4 5 |  5.0
Unarmed Combat | 4 |  4.3
Fighting       | |  1.1
Dodging        | |  1.7
Spellcasting   | |  2.0

Action                   |  1- 3 |  4- 6 || total
-------------------------+-------+-------++-------
Melee: Unarmed           |   111 |    73 ||   184
       Tailslap          |     5 |     5 ||    10
       Headbutt          |     8 |       ||     8
       Kick              |     7 |     2 ||     9
       Punch             |     2 |     1 ||     3
Throw: Dart              |     6 |       ||     6
 Cast: Beastly Appendage |    21 |     2 ||    23
       Spider Form       |     5 |     8 ||    13
  Use: Scroll            |       |     2 ||     2
 Stab: Distracted        |       |     1 ||     1
       Sleeping          |       |     1 ||     1
Armor: Skin              |    35 |    14 ||    49
Dodge: Dodged            |    68 |    47 ||   115

Table legend: (Time is in decaauts)
 A = Elapsed time spent in this place.
 B = Non-inter-level travel time spent in this place.
 C = Inter-level travel time spent in this place.
 D = Time resting spent in this place.
 E = Time spent auto-exploring this place.
 F = Levels seen in this place.
 G = Mean time per level.
                   A        B        C        D        E       F      G
               +--------+--------+--------+--------+--------+-----+--------+
         Total |   3757 |   3605 |    152 |    939 |   1600 |   4 |  939.2 |
       Dungeon |   3757 |   3605 |    152 |    939 |   1600 |   4 |  939.2 |
               +--------+--------+--------+--------+--------+-----+--------+

Top non-repeatable levels by time:
     D:1: 1395 daAuts
     D:3: 1250 daAuts
     D:2: 1079 daAuts
     D:4: 32 daAuts
